 Dungeon Crawl Stone Soup version 0.26.0-16-gc1dbca0489 (webtiles) character file.

Game seed: 15912077288366707269

334 kaeus the Skirmisher (level 6, 0/34 (53) HPs)
             Began as a Gnoll Abyssal Knight on Jan 20, 2021.
             Was an Elder of Lugonu.
             Succumbed to a scorpion's poison
             ... on level 4 of the Dungeon.
             The game lasted 00:08:34 (2937 turns).

kaeus the Skirmisher (Gnoll Abyssal Knight)         Turns: 2937, Time: 00:08:35

HP:   0/34 (53)     AC: 13    Str: 17    XL:     6   Next: 53%
MP:   9/9           EV:  6    Int: 14    God:    Lugonu [****..]
Gold: 151           SH:  0    Dex: 14    Spells: 9/9 levels left

rFire    + . .     SeeInvis .   l - +0 dagger (vamp)
rCold    + . .     Faith    .   (no shield)
rNeg     . . .     Spirit   .   p - +0 plate armour
rPois    +         Reflect  .   (no helmet)
rElec    +         Harm     .   (no cloak)
rCorr    +         Rampage  .   b - +0 pair of gloves
Will     .....                  (no boots)
Stlth    ..........             c - amulet of regeneration
HPRegen  0.51/turn              (no ring)
MPRegen  0.11/turn              (no ring)

@: lethally poisoned (0 -> -1), resistant, very heavily drained
A: distributed training, fangs 1, strong nose
a: Renounce Religion, Depart the Abyss, Bend Space, Banish, Corrupt


You were on level 4 of the Dungeon.
You worshipped Lugonu.
Lugonu was greatly pleased with you.
You visited 1 branch of the dungeon, and saw 4 of its levels.
You visited the Abyss 1 time.

You collected 151 gold pieces.

Inventory:

Hand Weapons
 a - a +1 hand axe
 l - a +0 vampiric dagger (weapon)
 q - a +4 falchion
Armour
 b - a +0 pair of gloves (worn)
 p - a +0 plate armour (worn)
Jewellery
 c - an amulet of regeneration (around neck)
Scrolls
 g - a scroll of blinking
 i - 3 scrolls of remove curse
 k - a scroll of identify
 o - a scroll of fog {unknown}
Potions
 d - a potion of cancellation {unknown}
 e - a potion of heal wounds {unknown}
 f - a potion of brilliance
 h - a potion of attraction {unknown}
 j - a potion of haste {unknown}


   Skills:
 + Level 6.8 Fighting
 + Level 2.0 Short Blades
 + Level 2.0 Long Blades
 + Level 5.0 Axes
 + Level 2.0 Maces & Flails
 + Level 2.0 Polearms
 + Level 2.0 Staves
 + Level 2.0 Slings
 + Level 2.0 Bows
 + Level 2.0 Crossbows
 + Level 2.0 Throwing
 + Level 5.0 Armour
 + Level 3.2 Dodging
 + Level 2.0 Stealth
 + Level 2.0 Shields
 + Level 2.0 Unarmed Combat
 + Level 2.0 Spellcasting
 + Level 1.5 Conjurations
 + Level 1.5 Hexes
 + Level 1.5 Summonings
 + Level 1.5 Necromancy
 + Level 1.5 Translocations
 + Level 1.5 Transmutations
 + Level 1.5 Fire Magic
 + Level 1.5 Ice Magic
 + Level 1.5 Air Magic
 + Level 1.5 Earth Magic
 + Level 1.5 Poison Magic
 + Level 5.1 Invocations
 + Level 2.0 Evocations


You had 9 spell levels left.
You didn't know any spells.
Your spell library was empty.

Dungeon Overview and Level Annotations

Branches:
Dungeon (4/15)
 Temple: D:4-7

Altars:
Elyvilon
Kikubaaqudgha


Innate Abilities, Weirdness & Mutations

Your experience applies equally to all skills.
You have very sharp teeth.
Your uncanny sense of smell can sniff out nearby items.


Message History

You hit the scorpion but do no damage.
The scorpion is heavily wounded.
You feel sick. The orc hits you but does no damage.
The scorpion stings you but does no damage.
You hit the scorpion but do no damage.
You bite the scorpion, but do no damage.
The scorpion is heavily wounded.
The orc hits you but does no damage.
You barely miss the scorpion.
The scorpion is heavily wounded.
You feel sick. The scorpion barely misses you.
The orc hits you but does no damage.
You hit the scorpion.
You feel better.
Your bite misses the scorpion.
The scorpion is severely wounded.
The scorpion stings you!
* * * LOW HITPOINT WARNING * * *
The orc hits you but does no damage.
You barely miss the scorpion.
The scorpion is severely wounded.
You die...

#..).......##.#
##))........#.#
#.#######.##.## ###
#.#.#...###...###..
########.#o.....o†._......
#........#o#...###...###..
#.......#o{##### ##.## ###
#.......#s## #.#
#.......o@# #.#
#....(..### ...
#.........# .P.
######....# #...# #....#
##. ##(..# ∆ #...# #...#
#...#


You could see a scorpion, an orc priest and 3 orcs.

Vanquished Creatures
  2 orc priests
  An orc wizard (D:3)
  A worker ant (D:4)
  A gnoll (D:3)
  10 adders
  An ooze (D:3)
  An adder zombie (D:3)
  4 worms
  2 dart slugs
  2 leopard geckos
  11 orcs
  3 giant cockroaches
  4 goblins
  10 hobgoblins
  6 jackals (D:1)
  4 quokkas (D:2)
  8 bats
  11 frilled lizards
  9 kobolds
  15 rats
106 creatures vanquished.

Vanquished Creatures (others)
  2 plants (D:4)
2 creatures vanquished.

Grand Total: 108 creatures vanquished

Notes
Turn   | Place    | Note
-------+----------+-------------------------------------------
     0 | Abyss:1  | kaeus the Gnoll Abyssal Knight began the quest for the Orb.
     0 | Abyss:1  | Reached XP level 1. HP: 23/23 MP: 3/3
    21 | Abyss:1  | Noticed an iron imp
    58 | Abyss:1  | Noticed an anaconda skeleton
    63 | D:1      | Escaped the Abyss
   202 | D:1      | Reached XP level 2. HP: 29/29 MP: 5/5
   410 | D:1      | Reached ** piety under Lugonu
   444 | D:1      | Reached XP level 3. HP: 30/35 MP: 6/6
   967 | D:2      | Reached skill level 1 in Short Blades
   967 | D:2      | Reached skill level 1 in Long Blades
   967 | D:2      | Reached skill level 1 in Maces & Flails
   967 | D:2      | Reached skill level 1 in Polearms
   967 | D:2      | Reached skill level 1 in Staves
   967 | D:2      | Reached skill level 1 in Slings
   967 | D:2      | Reached skill level 1 in Bows
   967 | D:2      | Reached skill level 1 in Crossbows
   967 | D:2      | Reached skill level 1 in Throwing
   967 | D:2      | Reached skill level 1 in Stealth
   967 | D:2      | Reached skill level 1 in Shields
   967 | D:2      | Reached skill level 1 in Unarmed Combat
   967 | D:2      | Reached skill level 1 in Spellcasting
   967 | D:2      | Reached skill level 1 in Evocations
  1043 | D:2      | Reached XP level 4. HP: 34/41 MP: 7/7
  1174 | D:2      | Reached skill level 1 in Conjurations
  1174 | D:2      | Reached skill level 1 in Hexes
  1174 | D:2      | Reached skill level 1 in Summonings
  1174 | D:2      | Reached skill level 1 in Necromancy
  1174 | D:2      | Reached skill level 1 in Translocations
  1174 | D:2      | Reached skill level 1 in Transmutations
  1174 | D:2      | Reached skill level 1 in Fire Magic
  1174 | D:2      | Reached skill level 1 in Ice Magic
  1174 | D:2      | Reached skill level 1 in Air Magic
  1174 | D:2      | Reached skill level 1 in Earth Magic
  1174 | D:2      | Reached skill level 1 in Poison Magic
  1248 | D:2      | Reached *** piety under Lugonu
  1286 | D:2      | Found an ancient bone altar of Kikubaaqudgha.
  1782 | D:3      | Reached XP level 5. HP: 44/47 MP: 8/8
  2142 | D:3      | Reached skill level 5 in Invocations
  2242 | D:3      | Reached XP level 6. HP: 28/53 MP: 9/9
  2723 | D:4      | Reached **** piety under Lugonu
  2787 | D:4      | Found a white marble altar of Elyvilon.
  2815 | D:4      | Reached skill level 5 in Axes
  2815 | D:4      | Reached skill level 5 in Armour
  2936 | D:4      | HP: 1/34 [scorpion (7)]
  2937 | D:4      | Succumbed to a scorpion's poison

Illustrated notes

Levels and vault maps discovered:
D:1:      eino_arrival_cavern_d, layout_rooms, serial_rivers,
          chequers_serial_rivers_micro_b, chequers_serial_rivers_large_b,
          chequers_serial_rivers_marsh, chequers_serial_rivers_micro_b
D:2:      layout_rooms, nicolae_overflow_hidden_temple, minmay_misc_feat_doors
D:3:      layout_basic, minmay_cupped
D:4:      layout_basic, elyvilon_altar_1, minmay_checkerbox, uniq_natasha

Skill      XL: |  1  2  3  4  5  6 |
---------------+-------------------+-----
Short Blades   | 1 2 |  2.0
Long Blades    | 1 2 |  2.0
Maces & Flails | 1 2 |  2.0
Polearms       | 1 2 |  2.0
Staves         | 1 2 |  2.0
Slings         | 1 2 |  2.0
Bows           | 1 2 |  2.0
Crossbows      | 1 2 |  2.0
Throwing       | 1 2 |  2.0
Stealth        | 1 2 |  2.0
Shields        | 1 2 |  2.0
Unarmed Combat | 1 2 |  2.0
Spellcasting   | 1 2 |  2.0
Evocations     | 1 2 |  2.0
Conjurations   | 1 |  1.5
Hexes          | 1 |  1.5
Summonings     | 1 |  1.5
Necromancy     | 1 |  1.5
Translocations | 1 |  1.5
Transmutations | 1 |  1.5
Fire Magic     | 1 |  1.5
Ice Magic      | 1 |  1.5
Air Magic      | 1 |  1.5
Earth Magic    | 1 |  1.5
Poison Magic   | 1 |  1.5
Dodging        | 3 |  3.2
Invocations    | 5 |  5.1
Axes           | 5 |  5.0
Armour         | 5 |  5.0
Fighting       | |  6.8

Action                   |  1- 3 |  4- 6 || total
-------------------------+-------+-------++-------
Melee: Hand axe          |    92 |    75 ||   167
       Bite              |     8 |    54 ||    62
       Dagger            |       |   386 ||   386
       Punch             |       |     2 ||     2
  Use: Scroll            |     4 |       ||     4
       Potion            |       |     7 ||     7
 Stab: Sleeping          |       |     3 ||     3
Armor: Leather armour    |    32 |    16 ||    48
       Chain mail        |       |   124 ||   124
       Plate armour      |       |   170 ||   170
Dodge: Dodged            |    79 |   148 ||   227
